TOP OF THE 1ST |
---|
Maris School Mariners batting - Pitching for Shelby HS Rockets : RHP Christian Gunn | Pitching: RHP Christian Gunn | | Batting: RHB John Verville | 0-0: Foul Ball, location: 2F 0-1: Ball 1-1: Swinging Strike 1-2: Strikes out swinging | Batting: SHB Rob Nelson | 0-0: Ball 1-0: Swinging Strike 1-1: Swinging Strike 1-2: Ball 2-2: Ball 3-2: Strikes out swinging | Batting: RHB Neal Sánchez | 0-0: Foul Ball, location: 2F 0-1: Ball 1-1: Ball 2-1: Foul Ball, location: 2F 2-2: Foul Ball, location: 2F 2-2: Fly out, F9 (Flyball, 9D) | Top of the 1st over - 0 runs, 0 hits, 0 errors, 0 left on base; Maris School 0 - Shelby HS 0 | BOTTOM OF THE 1ST |
---|
Shelby HS Rockets batting - Pitching for Maris School Mariners : LHP Artie Hunter | Pitching: LHP Artie Hunter | | Batting: RHB Phil Stephens | 0-0: Called Strike 0-1: SINGLE (Line Drive, 6M) | Batting: LHB Ben Ward | 0-0: Called Strike 0-1: Ball 1-1: Ball 2-1: Foul Ball, location: 2F 2-2: Fly out, F8 (Line Drive, 89M) | Batting: RHB Jorge Solís | 0-0: Ball 1-0: Called Strike Phil Stephens steals 2nd base 1-1: Swinging Strike 1-2: Ball 2-2: Strikes out swinging | Batting: RHB Mario Flores | 0-0: Foul Ball, location: 2F 0-1: Called Strike 0-2: Foul Ball, location: 2F 0-2: Ball 1-2: Fly out, F9 (Flyball, 9LM) | Bottom of the 1st over - 0 runs, 1 hit, 0 errors, 1 left on base; Maris School 0 - Shelby HS 0 | TOP OF THE 2ND |
---|
Maris School Mariners batting - Pitching for Shelby HS Rockets : RHP Christian Gunn | Batting: RHB Grant Reynolds | 0-0: Ball 1-0: Foul Ball, location: 2F 1-1: Ball 2-1: Foul Ball, location: 2F 2-2: Strikes out looking | Batting: LHB Miguel Martínez | 0-0: Ball 1-0: Called Strike 1-1: Fly out, F9 (Flyball, 9LSF) | Batting: SHB Albert Montgomery | 0-0: Ball 1-0: Ball 2-0: Ball 3-0: Base on Balls | Batting: RHB Ed Lovett | 0-0: Ball 1-0: Ball 2-0: Called Strike 2-1: Ground out 5-3 (Groundball, 5S) | Top of the 2nd over - 0 runs, 0 hits, 0 errors, 1 left on base; Maris School 0 - Shelby HS 0 | BOTTOM OF THE 2ND |
---|
Shelby HS Rockets batting - Pitching for Maris School Mariners : LHP Artie Hunter | Batting: SHB Simon Spencer | 0-0: Called Strike 0-1: Ball 1-1: Swinging Strike 1-2: Fly out, F9 (Flyball, 9LM) | Batting: LHB Ron Davis | 0-0: Ball 1-0: Foul Ball, location: 2F 1-1: Foul Ball, location: 2F 1-2: Foul Ball, location: 2F 1-2: Foul Ball, location: 2F 1-2: Ball 2-2: Ball 3-2: Foul Ball, location: 2F 3-2: SINGLE (Groundball, 4) (infield hit) | Batting: RHB Sergio Ramírez | 0-0: Ball 1-0: Ball 2-0: Reached on error, E3 (Groundball, 3) Ron Davis to second | Batting: RHB Javier Concepción | 0-0: Ball 1-0: Fly out, F9 (Flyball, 9LSF) | Batting: RHB Craig Jensen | 0-0: SINGLE (Groundball, 56) (infield hit) Ron Davis to third Sergio Ramírez to second | Batting: RHB Phil Stephens | 0-0: Ball 1-0: Ball 2-0: Ball 3-0: Called Strike 3-1: Swinging Strike 3-2: Reached on error, E5 (Groundball, 5S) Ron Davis scores Sergio Ramírez to third Craig Jensen to second | Batting: LHB Ben Ward | 0-0: Called Strike 0-1: Ball 1-1: Ball 2-1: Ball 3-1: Called Strike 3-2: DOUBLE (Flyball, 8RXD) Sergio Ramírez scores Craig Jensen scores Phil Stephens to third Phil Stephens scores | Batting: RHB Jorge Solís | 0-0: Ball 1-0: Ball 2-0: Ball Wild Pitch! Ben Ward to third 3-0: Called Strike 3-1: Ground out U3 (Groundball, 3) | Bottom of the 2nd over - 4 runs, 3 hits, 2 errors, 1 left on base; Maris School 0 - Shelby HS 4 | TOP OF THE 3RD |
---|
Maris School Mariners batting - Pitching for Shelby HS Rockets : RHP Christian Gunn | Batting: RHB Dusty Pope | 0-0: Swinging Strike 0-1: Ball 1-1: Foul Ball, location: 2F 1-2: Foul Ball, location: 2F 1-2: Strikes out swinging | Pitching: RHP Chris Field | | Batting: LHB Sam Pippy | 0-0: Called Strike 0-1: Ball 1-1: Ball 2-1: Ground out 4-3 (Groundball, 4) | Batting: RHB John Verville | 0-0: TRIPLE (Flyball, 78XD) | Batting: SHB Rob Nelson | 0-0: Called Strike 0-1: SINGLE (Line Drive, 8LM) John Verville scores | Batting: RHB Neal Sánchez | 0-0: Called Strike 0-1: Ball 1-1: 2-RUN HOME RUN (Flyball, 7LD), Distance : 355 ft | Batting: RHB Grant Reynolds | 0-0: Fly out, F4 (Popup, 4S) | Top of the 3rd over - 3 runs, 3 hits, 0 errors, 0 left on base; Maris School 3 - Shelby HS 4 | BOTTOM OF THE 3RD |
---|
Shelby HS Rockets batting - Pitching for Maris School Mariners : LHP Artie Hunter | Batting: RHB Mario Flores | 0-0: Swinging Strike 0-1: Foul Ball, location: 2F 0-2: Ball 1-2: SINGLE (Line Drive, 5D) | Batting: SHB Simon Spencer | 0-0: Foul Ball, location: 2F 0-1: Ball 1-1: Swinging Strike 1-2: Foul Ball, location: 2F 1-2: 2-RUN HOME RUN (Flyball, 7LD), Distance : 350 ft | Batting: LHB Ron Davis | 0-0: Called Strike 0-1: Ball 1-1: Called Strike 1-2: Strikes out swinging | Batting: RHB Sergio Ramírez | 0-0: Ball 1-0: Foul Ball, location: 2F 1-1: Ball 2-1: Swinging Strike 2-2: Strikes out swinging | Batting: RHB Javier Concepción | 0-0: Ball 1-0: Ball 2-0: Ball 3-0: Base on Balls | Batting: RHB Craig Jensen | 0-0: Called Strike 0-1: Foul Ball, location: 2F 0-2: Foul Ball, location: 2F 0-2: Foul Ball, location: 2F 0-2: Foul Ball, location: 2F 0-2: Ball 1-2: Strikes out swinging | Bottom of the 3rd over - 2 runs, 2 hits, 0 errors, 1 left on base; Maris School 3 - Shelby HS 6 | TOP OF THE 4TH |
---|
Maris School Mariners batting - Pitching for Shelby HS Rockets : RHP Chris Field | Batting: LHB Miguel Martínez | 0-0: Swinging Strike 0-1: Ball 1-1: Foul Ball, location: 2F 1-2: Ball 2-2: Strikes out swinging | Batting: SHB Albert Montgomery | 0-0: Called Strike 0-1: Swinging Strike 0-2: Ball 1-2: Strikes out swinging | Batting: RHB Ed Lovett | 0-0: Ball 1-0: Ball 2-0: Foul Ball, location: 2F 2-1: Foul Ball, location: 2F 2-2: Foul Ball, location: 2F 2-2: Foul Ball, location: 2F 2-2: Foul Ball, location: 2F 2-2: Strikes out swinging | Top of the 4th over - 0 runs, 0 hits, 0 errors, 0 left on base; Maris School 3 - Shelby HS 6 | BOTTOM OF THE 4TH |
---|
Shelby HS Rockets batting - Pitching for Maris School Mariners : LHP Artie Hunter | Pitching: LHP Kyle Thompson | | Batting: RHB Phil Stephens | 0-0: Foul Ball, location: 2F 0-1: Ball 1-1: Ball 2-1: SINGLE (Groundball, 6MD) | Batting: LHB Ben Ward | 0-0: Called Strike 0-1: Ball 1-1: Ball 2-1: Fly out, F6 (Popup, 6M) | Batting: RHB Jorge Solís | 0-0: Ball 1-0: Called Strike 1-1: Fly out, F7 (Flyball, 7LS) | Batting: RHB Mario Flores | 0-0: Fly out, F3 (Popup, 34S) | Bottom of the 4th over - 0 runs, 1 hit, 0 errors, 1 left on base; Maris School 3 - Shelby HS 6 | TOP OF THE 5TH |
---|
Maris School Mariners batting - Pitching for Shelby HS Rockets : RHP Chris Field | Batting: RHB Dusty Pope | 0-0: Called Strike 0-1: Called Strike 0-2: Foul Ball, location: 2F 0-2: Foul Ball, location: 2F 0-2: Strikes out looking | Batting: LHB Sam Pippy | 0-0: Swinging Strike 0-1: Swinging Strike 0-2: Ball 1-2: Strikes out swinging | Batting: RHB John Verville | 0-0: Called Strike 0-1: Ball 1-1: Ball 2-1: Ball 3-1: SINGLE (Groundball, 6MD) | Batting: SHB Rob Nelson | 0-0: Foul Ball, location: 2F 0-1: Ball 1-1: Ball 2-1: Ball 3-1: Foul Ball, location: 2F 3-2: Fly out, F9 (Flyball, 9LSF) | Top of the 5th over - 0 runs, 1 hit, 0 errors, 1 left on base; Maris School 3 - Shelby HS 6 | BOTTOM OF THE 5TH |
---|
Shelby HS Rockets batting - Pitching for Maris School Mariners : LHP Kyle Thompson | Batting: SHB Simon Spencer | 0-0: Foul Ball, location: 2F 0-1: Ball 1-1: Foul Ball, location: 2F 1-2: Foul Ball, location: 2F 1-2: Foul Ball, location: 2F 1-2: Foul Ball, location: 2F 1-2: Foul Ball, location: 2F 1-2: Ground out 6-3 (Groundball, 6) | Batting: LHB Ron Davis | 0-0: Ball 1-0: Swinging Strike 1-1: Ball 2-1: Foul Ball, location: 2F 2-2: Ball 3-2: Fly out, F9 (Flyball, 9S) | Batting: RHB Sergio Ramírez | 0-0: Ball 1-0: Called Strike 1-1: Fly out, F8 (Flyball, 8RD) | Bottom of the 5th over - 0 runs, 0 hits, 0 errors, 0 left on base; Maris School 3 - Shelby HS 6 | TOP OF THE 6TH |
---|
Maris School Mariners batting - Pitching for Shelby HS Rockets : RHP Chris Field | Batting: RHB Neal Sánchez | 0-0: Ball 1-0: Ball 2-0: Called Strike 2-1: SOLO HOME RUN (Flyball, 9D), Distance : 390 ft | Pitching: LHP Cristián Sierra | | Batting: RHB Grant Reynolds | 0-0: Called Strike 0-1: Ball 1-1: Foul Ball, location: 2F 1-2: Ball 2-2: Ball 3-2: Base on Balls | Batting: LHB Miguel Martínez | 0-0: Ball 1-0: Ball 2-0: Foul Ball, location: 2F 2-1: Foul Ball, location: 2F 2-2: Foul Ball, location: 2F 2-2: Foul Ball, location: 2F 2-2: Ball 3-2: Foul Ball, location: 2F 3-2: Foul Ball, location: 2F 3-2: Base on Balls Grant Reynolds to second | Batting: SHB Albert Montgomery | 0-0: Called Strike 0-1: Ball 1-1: Ball 2-1: Swinging Strike 2-2: Foul Ball, location: 2F 2-2: Fly out, F8 (Flyball, 8RM) | Batting: RHB Ed Lovett | 0-0: Swinging Strike 0-1: Ball 1-1: Called Strike 1-2: Ball 2-2: Strikes out swinging | Batting: RHB Dusty Pope | 0-0: Foul Ball, location: 2F 0-1: DOUBLE (Flyball, 8RXD) Grant Reynolds scores Miguel Martínez to third Runner from 3rd tries for Home, SAFE, no throw | Batting: LHB Sam Pippy | 0-0: Foul Ball, location: 2F 0-1: Ball 1-1: Ball 2-1: Foul Ball, location: 2F 2-2: Foul Ball, location: 2F 2-2: Strikes out swinging | Top of the 6th over - 3 runs, 2 hits, 0 errors, 1 left on base; Maris School 6 - Shelby HS 6 | BOTTOM OF THE 6TH |
---|
Shelby HS Rockets batting - Pitching for Maris School Mariners : LHP Kyle Thompson | Batting: RHB Javier Concepción | 0-0: Ball 1-0: Foul Ball, location: 2F 1-1: Ball 2-1: Ball 3-1: Base on Balls | Batting: RHB Craig Jensen | 0-0: Called Strike 0-1: Ball 1-1: Ball 2-1: Ball 3-1: Base on Balls Javier Concepción to second | Batting: RHB Phil Stephens | 0-0: Called Strike 0-1: Called Strike 0-2: Foul Ball, location: 2F 0-2: Foul Ball, location: 2F 0-2: Foul Ball, location: 2F 0-2: Ball 1-2: Strikes out swinging | Batting: LHB Ben Ward | 0-0: Ball 1-0: Foul Ball, location: 2F 1-1: Ball 2-1: Swinging Strike 2-2: Foul Ball, location: 2F 2-2: Fly out, F6 (Popup, 6D) | Pitching: RHP Jerome Smith | | Batting: RHB Jorge Solís | 0-0: Ball 1-0: Called Strike 1-1: Ball 2-1: Ball 3-1: Foul Ball, location: 2F 3-2: Base on Balls Javier Concepción to third Craig Jensen to second | Batting: RHB Mario Flores | 0-0: Called Strike 0-1: SINGLE (Flyball, 7LS) Javier Concepción scores Craig Jensen to third Jorge Solís to second | Batting: SHB Simon Spencer | 0-0: Ball 1-0: Fly out, F8 (Flyball, 8RS) | Bottom of the 6th over - 1 run, 1 hit, 0 errors, 3 left on base; Maris School 6 - Shelby HS 7 | TOP OF THE 7TH |
---|
Maris School Mariners batting - Pitching for Shelby HS Rockets : LHP Cristián Sierra | Batting: RHB John Verville | 0-0: Called Strike 0-1: Swinging Strike 0-2: DOUBLE (Line Drive, 89D) | Batting: SHB Rob Nelson | 0-0: SINGLE (Flyball, 9S) John Verville to third | Batting: RHB Neal Sánchez | 0-0: Ball 1-0: Ball 2-0: Called Strike 2-1: Ball 3-1: Base on Balls Rob Nelson to second | Batting: RHB Grant Reynolds | 0-0: Swinging Strike 0-1: Called Strike 0-2: Strikes out swinging | Batting: LHB Miguel Martínez | 0-0: Foul Ball, location: 2F 0-1: Ball 1-1: Called Strike 1-2: Foul Ball, location: 2F 1-2: Strikes out swinging | Batting: SHB Albert Montgomery | 0-0: Swinging Strike 0-1: Fly out, F4 (Popup, 34) | Top of the 7th over - 0 runs, 2 hits, 0 errors, 3 left on base; Maris School 6 - Shelby HS 7 | BOTTOM OF THE 7TH |
---|
Shelby HS Rockets batting - Pitching for Maris School Mariners : RHP Jerome Smith | Pitching: LHP Mike Barry | | Batting: LHB Ron Davis | 0-0: Ball 1-0: Foul Ball, location: 2F 1-1: Foul Ball, location: 2F 1-2: Ball 2-2: SINGLE (Groundball, 3D) | Pitching: RHP Trent Perchica | | Batting: RHB Sergio Ramírez | 0-0: Ball Wild Pitch! Ron Davis to second 1-0: Intentional Walk | Batting: RHB Javier Concepción | 0-0: Fly out, F7 (Flyball, 7S) | Batting: RHB Craig Jensen | 0-0: Fly out, F8 (Flyball, 8RM) | Batting: RHB Phil Stephens | 0-0: Ball 1-0: SINGLE (Flyball, 89S) Ron Davis to third Sergio Ramírez to second Runner from 3rd tries for Home, SAFE, throw made home | Batting: LHB Ben Ward | 0-0: Ball 1-0: Called Strike 1-1: Foul Ball, location: 2F 1-2: Ball 2-2: Foul Ball, location: 2F 2-2: Ball 3-2: Base on Balls Sergio Ramírez to third Phil Stephens to second | Batting: RHB Jorge Solís | 0-0: Ball 1-0: Foul Ball, location: 2F 1-1: Ball 2-1: Foul Ball, location: 2F 2-2: Ball 3-2: Base on Balls Sergio Ramírez scores Phil Stephens to third Ben Ward to second | Batting: RHB Mario Flores | 0-0: SINGLE (Flyball, 7LS) Phil Stephens scores Ben Ward to third Jorge Solís to second Runner from 3rd tries for Home, SAFE, throw made home | Pitching: LHP Lou McDonald | | Batting: SHB Simon Spencer | 0-0: Foul Ball, location: 2F 0-1: Ball 1-1: Swinging Strike 1-2: Strikes out swinging | Bottom of the 7th over - 4 runs, 3 hits, 0 errors, 2 left on base; Maris School 6 - Shelby HS 11 | TOP OF THE 8TH |
---|
Maris School Mariners batting - Pitching for Shelby HS Rockets : LHP Cristián Sierra | Batting: RHB Ed Lovett | 0-0: Foul Ball, location: 2F 0-1: Ball 1-1: Swinging Strike 1-2: Ball 2-2: Foul Ball, location: 2F 2-2: Ball 3-2: Strikes out swinging | Batting: RHB Dusty Pope | 0-0: Ball 1-0: Ground out 6-3 (Groundball, 6) | Batting: LHB Sam Pippy | 0-0: Called Strike 0-1: Swinging Strike 0-2: SINGLE (Groundball, 4MD) | Pitching: RHP Kevin Cain | | Batting: RHB John Verville | 0-0: Fielders Choice at 2nd, 5-4 (Groundball, 56) | Top of the 8th over - 0 runs, 1 hit, 0 errors, 1 left on base; Maris School 6 - Shelby HS 11 | BOTTOM OF THE 8TH |
---|
Shelby HS Rockets batting - Pitching for Maris School Mariners : LHP Lou McDonald | Batting: LHB Ron Davis | 0-0: DOUBLE (Line Drive, 9LM) | Batting: RHB Sergio Ramírez | 0-0: Ball 1-0: Ball 2-0: Fly out, F8 (Flyball, 89D) Runner from 2nd tags up, SAFE at 3rd, no throw | Batting: RHB Javier Concepción | 0-0: Ball 1-0: Swinging Strike 1-1: Ball 2-1: Ball 3-1: Fly out, F9 (Flyball, 89D) Runner from 3rd tags up, OUT at HOME | Bottom of the 8th over - 0 runs, 1 hit, 0 errors, 0 left on base; Maris School 6 - Shelby HS 11 | TOP OF THE 9TH |
---|
Maris School Mariners batting - Pitching for Shelby HS Rockets : RHP Kevin Cain | Batting: SHB Rob Nelson | 0-0: Ball 1-0: Swinging Strike 1-1: Ball 2-1: Called Strike 2-2: Ground out U3 (Groundball, 34S) | Batting: RHB Neal Sánchez | 0-0: Ball 1-0: Foul Ball, location: 2F 1-1: Ball 2-1: Called Strike 2-2: Ball 3-2: Base on Balls | Batting: RHB Grant Reynolds | 0-0: Ball 1-0: Ball 2-0: Fly out, F8 (Flyball, 78M) | Batting: LHB Miguel Martínez | 0-0: Ball 1-0: Ball 2-0: Ball 3-0: Called Strike 3-1: Ground out 4-3 (Groundball, 4) | Top of the 9th over - 0 runs, 0 hits, 0 errors, 1 left on base; Maris School 6 - Shelby HS 11 | |